 Dungeon Crawl Stone Soup version 0.31-a0-965-g8a8ce12e04 (webtiles) character file.

Game seed: 10139831558652209363

51960 drugrobin the Brawler (level 13, -2/94 HPs)
             Began as a Demigod Delver on Oct 26, 2023.
             Slain by a death yak (16 damage)
             ... on level 5 of the Lair of Beasts.
             The game lasted 01:10:00 (19695 turns).

drugrobin the Brawler (Demigod Delver)             Turns: 19695, Time: 01:10:01

Health: -2/94      AC: 11    Str: 31    XL:     13   Next: 92%
Magic:  16/16      EV: 17    Int: 16    God:
Gold:   1940       SH:  5    Dex: 23    Spells: 3/12 levels left

rFire   . .          .
                       - Unarmed
rCold   . . .        (shield currently unavailable)
rNeg    . . .        W - +0 acid dragon scales
rPois   .            o - +2 hat
rElec   .            (no cloak)
rCorr   +            G - +2 pair of gloves
SInv    .            (no boots)
Will    +....        M - amulet "Pihepso" {Reflect Regen+ Str+4 Dex+4 SH+5 Stlth-}
Stlth   +            m - +6 ring of strength
HPRegen 1.15/turn    L - +5 ring of evasion
MPRegen 0.15/turn

%: reflection
@: about to teleport, flux-form, glowing
A: glow, contaminating, high MP 1, forlorn, divine attributes
a: Begin Untransformation


You were on level 5 of the Lair of Beasts.
You were something dangerously unstable.
You visited 2 branches of the dungeon, and saw 16 of its levels.

You collected 1940 gold pieces.

Inventory:

Armour
 o - a +2 hat (worn)
 u - a +2 ring mail of poison resistance
 x - a +0 chain mail of cold resistance
 G - a +2 pair of gloves (worn)
 W - +0 acid dragon scales (worn)
Jewellery
 c - a +6 ring of intelligence
 e - a +6 ring of intelligence
 m - a +6 ring of strength (left hand)
 w - a ring of willpower
 L - a +5 ring of evasion (right hand)
 M - the amulet "Pihepso" (around neck) {Reflect Regen+ Str+4 Dex+4 SH+5 Stlth-}
   (You took it off an orc on level 7 of the Dungeon)

   [amulet of reflection]

   Reflect:   It reflects blocked missile attacks.
   Str+4:     It affects your strength (+4).
   Dex+4:     It affects your dexterity (+4).
   Regen+:    It increases your rate of health regeneration.
   SH+5:      It affects your SH (+5).
   Stlth-:    It makes you less stealthy.
 R - a ring of protection from cold
 T - a ring of willpower
Talismans
 r - a storm talisman
 D - a flux talisman (active)
 Q - a blade talisman
Wands
 f - a wand of digging (10)
 h - a wand of roots (2)
 y - a wand of quicksilver (5)
 B - a wand of flame (16)
 I - a wand of mindburst (9)
 N - a wand of charming (5)
 O - a wand of polymorph (5)
Scrolls
 b - a scroll of identify
 d - 5 scrolls of fear
 i - 3 scrolls of teleportation
 k - 2 scrolls of enchant weapon
 l - 2 scrolls of fog
 n - 4 scrolls of revelation
 s - 3 scrolls of immolation
 t - 4 scrolls of poison
 C - a scroll of enchant armour
 E - a scroll of blinking
 S - 2 scrolls of silence
 U - a scroll of vulnerability
 V - 2 scrolls of butterflies
Potions
 a - 4 potions of attraction
 g - 3 potions of heal wounds
 j - a potion of mutation {unknown}
 p - 2 potions of might
 q - 2 potions of berserk rage
 v - 7 potions of lignification
 A - 5 potions of enlightenment
 F - 3 potions of curing
 H - 2 potions of degeneration {unknown}
 J - a potion of cancellation {unknown}
 K - a potion of brilliance {unknown}
 P - 7 potions of haste


   Skills:
 + Level 3.2 Fighting
 - Level 1.7 Dodging
 - Level 4.5 Stealth
 * Level 18.6 Unarmed Combat
 - Level 4.0 Conjurations
 - Level 4.0 Evocations
 * Level 11.2 Shapeshifting


You had 3 spell levels left.
You knew the following spells:

 Your Spells              Type           Power      Damage    Failure   Level
a - Magic Dart            Conj           48%        1d5       6%          1
b - Call Imp              Summ           0%         N/A       41%         2
c - Mephitic Cloud        Conj/Pois/Air  4%         N/A       47%         3
d - Stone Arrow           Conj/Erth      12%        3d7       36%         3

Your spell library contained the following spells:

 Spells                   Type           Power      Damage    Failure   Level
 Animate Armour           Summ/Erth      0%         N/A       96%         4
 Metabolic Englaciation   Hex/Ice        0%         N/A       100%        5
 Summon Mana Viper        Hex/Summ       0%         N/A       100%        5
 Ozocubu's Refrigeration  Ice            0%         4d7       100%        7
 Lehudib's Crystal Spear  Conj/Erth      3%         10d2      100%        8


Dungeon Overview and Level Annotations

Branches:
Dungeon (11/15)            Temple (0/1) D:5            Lair (5/5) D:8
  Swamp (0/4) Lair:2        Snake (0/4) Lair:3        Slime (0/5) Lair:5
    Orc: D:9-12

Shops:
D:8 *:

Annotations:
D:10 Gastronok
D:11 3 runed translucent doors, RandomusNamus's ghost, journeyman FoFi
Lair:4 Rupert


Innate Abilities, Weirdness & Mutations

You are something dangerously unstable.
You glow with magical radiation, making you easy to see and hit.
Foes you strike become dangerously contaminated with magical radiation.
You are incapable of wielding weapons or throwing items.
You have an increased reservoir of magic. (+10% MP)
You shall have no god before yourself.
Your divine heritage dramatically boosts your attributes as you level up.


Message History

You punch the death yak!
The death yak begins to glow.
The death yak is lightly wounded.
The death yak misses you.
You hit the death yak.
The death yak glows dangerously bright.
The death yak is lightly wounded.
The death yak gores you!
* * * LOW HITPOINT WARNING * * *
The death yak gores the plant.
The plant begins to die.
Unknown command.
Unknown command.
You hit the death yak.
The death yak shudders as magic cascades through it.
The death yak twists and deforms.
The death yak is moderately wounded.
Unknown command.
Unknown command.
You barely miss the death yak.
The death yak is moderately wounded.
You block the death yak's attack.
Something gores the plant!
Unknown command.
Unknown command.
You punch the death yak!
The death yak begins to glow.
The death yak is heavily wounded.
The death yak gores you but does no damage.
Unknown command.
Unknown command.
As you read the scroll of teleportation, it crumbles to dust.
You feel strangely unstable.
Something gores the plant!!
The yak gores the plant! x2
Unknown command.
Unknown command.
You punch the death yak!
The death yak begins to glow.
The death yak is lightly wounded.
Something gores the plant!
The yak gores the plant!
Unknown command.
Unknown command.
You hit the death yak.
The death yak glows dangerously bright.
The death yak is lightly wounded.
The yak gores the plant!
The death yak gores you!
You die...

......Y.Y...YY...#
.....###..Y##..###
.....##....##..##
....##......#.<.##
....#.......#....#
#...........#YY###
†.........<#.YY##
....#......##PYY##
.P..#####.####.#p#
.P..###.### #..###
.....##...###..#
...............#
###..#.######..##
# ###### #.#.#
#####


You could see 2 death yaks and 4 yaks.

Vanquished Creatures
  3 hydras
  A boulder beetle (D:6)
  A catoblepas (Lair:2)
  A two-headed ogre (D:6)
  A death yak (Lair:4)
  Amaemon (Lair:1)
  A skyshark (Lair:5)
  Nergalle (Lair:2)
  2 lindwurms (Lair:5)
  An ugly thing (D:11)
  A manticore (D:11)
  An oklob plant (Lair:5)
  A cyclops (D:11)
  3 black mambas
  3 elephants (Lair:2)
  9 centaur zombies (D:11)
  A torpor snail (Lair:3)
  An orange demon (Lair:1)
  16 cane toads
  A kobold demonologist (D:11)
  3 rime drakes
  7 komodo dragons
  2 trolls
  7 hornets
  4 polar bears
  A meliai zombie (D:11)
  20 blink frogs
  9 dream sheep
  3 slime creatures
  12 spriggans
  39 yaks
  8 wyverns
  A shadow (D:11)
  5 basilisks
  2 vampire mosquitoes (D:10)
  3 steam dragons
  3 acid dragons
  3 nagas (Lair:3)
  15 water moccasins
  8 orc warriors
  2 ice beasts
  2 sky beasts (D:7)
  5 black bears
  5 boggarts (Lair:5)
  An ogre (D:7)
  40 wolves
  3 centaurs
  3 kobold brigands
  2 phantoms (D:6)
  15 bullfrogs
  4 gnoll sergeants
  6 necrophages (Lair:3)
  A scorpion (D:5)
  5 wights
  15 killer bees
  An electric eel (Lair:1)
  2 gnoll boudas
  5 hounds
  6 jellies
  10 orc priests
  3 sleepcaps
  A boggart zombie (D:11)
  6 iguanas
  9 orc wizards
  31 gnolls
  3 adders
  5 white imps
  2 ufetubi (D:6)
  A worm (D:3)
  54 orcs
  4 bats
  5 endoplasms
  5 giant cockroaches
  3 goblins
  6 hobgoblins
  8 jackals
  7 kobolds
  2 quokkas (D:1)
  11 ball pythons
  6 frilled lizards
  2 rats (D:1)
512 creatures vanquished.

Vanquished Creatures (others)
  A slime creature (D:11)
  A yak (D:11)
2 creatures vanquished.

Grand Total: 514 creatures vanquished

Notes
Turn   | Place    | Note
-------+----------+-------------------------------------------
     0 | D:5      | drugrobin the Demigod Delver began the quest for the Orb.
     0 | D:5      | Reached XP level 1. HP: 18/18 MP: 3/3
    26 | D:5      | Noticed a jelly
    31 | D:5      | Noticed a hound
    57 | D:2      | Reached skill level 2 in Unarmed Combat
   198 | D:1      | Reached XP level 2. HP: 25/25 MP: 4/4
   213 | D:1      | Reached skill level 3 in Unarmed Combat
   277 | D:1      | Upgraded the game from 0.31-a0-963-ga325b2283a to
                  | 0.31-a0-965-g8a8ce12e04
   650 | D:1      | Reached XP level 3. HP: 30/30 MP: 5/5
  1889 | D:3      | Reached skill level 4 in Unarmed Combat
  1971 | D:3      | Reached XP level 4. HP: 34/37 MP: 6/6
  2210 | D:3      | Reached skill level 5 in Unarmed Combat
  2256 | D:3      | Reached XP level 5. HP: 36/42 MP: 7/7
  3188 | D:4      | Reached skill level 6 in Unarmed Combat
  3531 | D:4      | Reached XP level 6. HP: 50/50 MP: 8/8
  4003 | D:5      | Found a staircase to the Ecumenical Temple.
  4040 | D:5      | Noticed a water moccasin
  4326 | D:6      | Reached skill level 7 in Unarmed Combat
  4433 | D:6      | Reached XP level 7. HP: 53/56 MP: 9/9
  4709 | D:6      | Reached skill level 8 in Unarmed Combat
  5419 | D:5      | Reached skill level 9 in Unarmed Combat
  5665 | D:7      | Reached XP level 8. HP: 43/62 MP: 10/10
  5913 | D:7      | Reached skill level 10 in Unarmed Combat
  6572 | D:7      | Noticed a two-headed ogre
  6589 | D:7      | Reached skill level 11 in Unarmed Combat
  6735 | D:7      | Noticed a boulder beetle
  7132 | D:7      | Noticed a troll
  7141 | D:7      | Killed a troll
  7142 | D:7      | Reached XP level 9. HP: 64/68 MP: 11/11
  7157 | D:7      | Identified the amulet "Pihepso" {Reflect Regen+ Str+4 Dex+4
                  | SH+5 Stlth-}
  7162 | D:7      | Noticed a two-headed ogre
  7525 | D:7      | HP: 3/68 [two-headed ogre/+0 giant club (6)]
  8044 | D:8      | Reached skill level 12 in Unarmed Combat
  8398 | D:8      | Found Tumor's Elemental Accessories.
  8443 | D:8      | Reached skill level 1 in Evocations
  8495 | D:8      | Reached skill level 13 in Unarmed Combat
  8666 | D:8      | Found a staircase to the Lair.
  8940 | D:8      | Found Gynugoc's Book Shoppe.
  9076 | D:8      | Reached XP level 10. HP: 61/74 MP: 13/13
  9933 | D:6      | Killed a two-headed ogre
 10037 | D:6      | Killed a boulder beetle
 10038 | D:6      | Reached skill level 14 in Unarmed Combat
 11314 | D:10     | Entered Level 10 of the Dungeon
 11357 | D:10     | Reached skill level 1 in Shapeshifting
 11487 | D:10     | Noticed Gastronok
 11942 | D:11     | Noticed a purple ugly thing
 11964 | D:10     | Reached skill level 15 in Unarmed Combat
 11976 | D:10     | Reached XP level 11. HP: 80/81 MP: 14/14
 12024 | D:11     | Found a runed translucent gate.
 12029 | D:11     | Found a runed translucent gate.
 12030 | D:11     | Found a runed translucent gate.
 12032 | D:11     | Noticed a storm dragon
 12035 | D:11     | Noticed RandomusNamus's ghost (journeyman FoFi)
 12388 | D:11     | Learned a level 1 spell: Magic Dart
 12391 | D:11     | Learned a level 2 spell: Call Imp
 12395 | D:11     | Learned a level 3 spell: Mephitic Cloud
 12521 | D:11     | Reached skill level 1 in Conjurations
 12530 | D:11     | Reached skill level 5 in Shapeshifting
 12793 | Lair:1   | Entered Level 1 of the Lair of Beasts
 12889 | Lair:1   | Reached skill level 16 in Unarmed Combat
 13304 | Lair:1   | Learned a level 3 spell: Stone Arrow
 13347 | Lair:1   | Noticed Amaemon
 13382 | Lair:1   | Killed Amaemon
 13383 | Lair:1   | Reached XP level 12. HP: 85/88 MP: 15/15
 13566 | Lair:1   | Identified a scroll of acquirement
 13567 | Lair:1   | Acquired 789 gold pieces
 14427 | Lair:2   | Noticed Harold
 14464 | Lair:2   | Harold changed into Harold the spriggan
 14464 | Lair:2   | Noticed Harold
 14477 | Lair:2   | Killed Harold the spriggan
 14514 | Lair:2   | Noticed Nergalle
 14522 | Lair:2   | Killed Nergalle
 14528 | Lair:2   | Found a staircase to the Swamp.
 14629 | Lair:2   | Reached skill level 17 in Unarmed Combat
 14644 | Lair:2   | Noticed a catoblepas
 15083 | Lair:2   | Killed a catoblepas
 15326 | Lair:3   | Identified the "Sumis"
 16656 | Lair:3   | Found a staircase to the Snake Pit.
 17139 | Lair:4   | Reached XP level 13. HP: 69/93 MP: 16/16
 17809 | Lair:5   | Entered Level 5 of the Lair of Beasts
 17956 | Lair:5   | Reached skill level 10 in Shapeshifting
 18045 | Lair:5   | Found a staircase to the Slime Pits.
 18080 | Lair:5   | Reached skill level 18 in Unarmed Combat
 19428 | Lair:5   | Noticed Rupert
 19432 | Lair:5   | Paralysed by Rupert for 4 turns
 19458 | Lair:5   | Paralysed by Rupert for 4 turns
 19680 | Lair:5   | HP: 4/94 [death yak (24)]
 19686 | Lair:5   | HP: 1/94 [death yak (13)]
 19695 | Lair:5   | Slain by a death yak

Illustrated notes

Levels and vault maps discovered:
D:1:      minmay_arrival_arboretum_small, layout_loops_ring,
          chequers_serial_rivers_marsh, nicolae_grassy_gnolls
D:2:      layout_loops_ring
D:3:      cheibrodos_old_hovel, layout_loops_ring, hex_medium
D:4:      layout_gridville
D:5:      layout_rooms, minmay_temple_entry_purple_smoke
D:6:      layout_cave_pods, kennysheep_donut, minmay_misc_feat_encased
D:7:      nzn_winding_woodlands_small [nzn_winding_woodlands_5x15_pockets,
          nzn_winding_woodlands_center_garden,
          nzn_winding_woodlands_5x15_twine], layout_basic
D:8:      layout_loops_corners, minmay_lair_entry_grove, serial_shops,
          nicolae_shop_crystal, nicolae_elemental_shop
D:9:      layout_basic, grunt_temple_overflow_open, serial_park_tiny_pond,
          kennysheep_generic_room_6
D:10:     layout_roguey, uniq_gastronok
D:11:     minmay_inside_and_out, layout_rooms, gammafunk_ghost_split,
          nicolae_yredelemnul_corpse_copse
Lair:1:   layout_chaotic_city, serial_bayou, serial_bayou_ford_a,
          serial_bayou_pond_a, serial_bayou_shore_b, serial_bayou_pond_a,
          serial_bayou_lagoon_a, serial_bayou_shore_b,
          infiniplex_staircase_pool, serial_bayou_shore_b, uniq_amaemon
Lair:2:   layout_cave_shapes, swamp_mist, dreamdust_gnoll_shepherd,
          serial_bayou_shore_a, grunt_megastairs_2, uniq_harold, uniq_nergalle
Lair:3:   layout_layer_cave, nicolae_snake_entry_squirm, roderic_carrion_pond
Lair:4:   layout_misc_corridors, grunt_megastairs_1
Lair:5:   minmay_lair_end_enchanted_forest, layout_regular_city,
          minmay_slime_entry_pillars, nicolae_lair_grove_arrangements,
          minmay_lair_oklob_bushes, nicolae_lair_lindhole, lemuel_fruit_tree,
          uniq_rupert

Skill      XL: |  1  2  3  4  5  6  7  8  9 10 11 12 13 |
---------------+----------------------------------------+-----
Unarmed Combat | 2 3 4 5 6 7 9 11 13 15 16 17 18 | 18.6
Evocations     | 2 4 |  4.0
Shapeshifting  | 2 6 9 11 | 11.2
Conjurations   | 3 4 |  4.0
Fighting       | 3 |  3.2
Dodging        | |  1.7
Stealth        | |  4.5

Action                     |  1- 3 |  4- 6 |  7- 9 | 10-12 | 13-15 || total
---------------------------+-------+-------+-------+-------+-------++-------
  Melee: Unarmed           |    86 |   140 |   282 |   768 |   437 ||  1713
         Punch             |     3 |     6 |    29 |    79 |     1 ||   118
         Short sword       |    27 |    19 |    50 |    48 |       ||   144
   Fire: Sling             |    17 |    54 |    85 |    97 |       ||   253
  Throw: Dart              |     3 |     1 |     1 |     2 |       ||     7
         Boomerang         |       |    18 |     3 |    13 |       ||    34
         Throwing net      |       |       |       |     1 |       ||     1
   Cast: Magic Dart        |       |       |       |     9 |       ||     9
         Call Imp          |       |       |       |     1 |     3 ||     4
         Stone Arrow       |       |       |       |     3 |     5 ||     8
         Mephitic Cloud    |       |       |       |       |     1 ||     1
  Evoke: Wand              |       |       |     6 |     4 |       ||    10
    Use: Scroll            |       |     7 |     3 |     9 |     6 ||    25
         Potion            |       |       |     1 |     1 |     3 ||     5
   Stab: Sleeping          |     8 |       |     2 |     5 |       ||    15
         Distracted        |     1 |       |     1 |     1 |       ||     3
         Held in net/web   |       |       |       |     1 |       ||     1
         Confused          |       |       |       |       |     4 ||     4
 Armour: Leather armour    |    41 |       |       |       |       ||    41
         Chain mail        |    18 |    92 |   239 |       |       ||   349
         Steam dragon scal |       |       |    10 |    94 |       ||   104
         Acid dragon scale |       |       |       |   255 |   200 ||   455
  Dodge: Dodged            |    71 |    72 |   162 |   531 |   231 ||  1067
  Block: Other             |       |     8 |   106 |   154 |    77 ||   345
         Reflection        |       |     2 |    12 |       |     1 ||    15
   Form: Flux              |       |       |       |     2 |     1 ||     3
                           |       |       |       |     2 |       ||     2
         Blade             |       |       |       |     1 |     1 ||     2

Table legend: (Time is in decaauts)
 A = Elapsed time spent in this place.
 B = Non-inter-level travel time spent in this place.
 C = Inter-level travel time spent in this place.
 D = Time resting spent in this place.
 E = Time spent auto-exploring this place.
 F = Levels seen in this place.
 G = Mean time per level.
                   A        B        C        D        E       F      G
               +--------+--------+--------+--------+--------+-----+--------+
         Total |  19326 |  18234 |   1092 |   2081 |  10527 |  16 | 1207.9 |
       Dungeon |  12647 |  11803 |    844 |   1331 |   6922 |  11 | 1149.7 |
          Lair |   6679 |   6432 |    247 |    750 |   3604 |   5 | 1335.8 |
               +--------+--------+--------+--------+--------+-----+--------+

Top non-repeatable levels by time:
     D:8: 2068 daAuts
     D:6: 2052 daAuts
  Lair:3: 1757 daAuts
  Lair:5: 1706 daAuts
     D:7: 1521 daAuts
  Lair:1: 1396 daAuts
     D:9: 1193 daAuts
     D:3: 1126 daAuts
  Lair:2: 1096 daAuts
     D:2: 953 daAuts
     D:1: 911 daAuts
     D:4: 780 daAuts
  Lair:4: 722 daAuts
    D:11: 689 daAuts
     D:5: 682 daAuts
